Map: Efemeryda ER

Players

azlecas

  • Race: Zerg Zerg
  • League: Platinum
  • Spawn Location: 11:00

kers - Winner!

  • Race: Protoss Protoss
  • League: Platinum
  • Spawn Location: 5:00

VOD

Have the link to the VOD?

Description

Time

  • Played on: March 4, 2020, 1:44 p.m.
  • Length: 12:27
Show
View Real Time Build Order
Export as new Build Order

azlecas Zerg 

Build Orders: Hatch First 

Get SALT Encoding   

  12  0:02  Drone  
  13  0:56  Drone  
  14  1:08  Hatchery  
  13  1:14  Drone x2, Spawning Pool  
  14  1:53  Spawning Pool  
  13  2:00  Extractor  
  12  2:06  Drone x2  
  14  2:20  Drone  
  14  2:21  Drone  
  16  2:49  Roach Warren  
  16  2:51  Extractor  
  14  2:52  Drone x3  
  14  2:58  Drone x3  
  20  3:11  Overlord x2  
  20  3:15  Overlord  
  20  3:24  Overlord  
  20  3:29  Queen x2  
  20  3:30  Drone  
  20  3:31  Drone  
  26  3:35  Drone  
  27  3:45  Roach  
  27  3:46  Roach  
  31  3:55  Roach  
  33  4:01  Spine Crawler, Drone  
  33  4:03  Drone  
  33  4:08  Drone  
  35  4:13  Drone  
  36  4:20  Roach  
  36  4:24  Roach  
  40  4:28  Spine Crawler  
  40  4:29  Drone  
  40  4:34  Roach  
  42  4:39  Roach  
  44  4:47  Evolution Chamber  
  44  4:48  Drone  
  44  4:49  Drone  
  45  4:55  Drone  
  45  4:57  Drone, Evolution Chamber  
  46  5:10  Spore Crawler  
  46  5:12  Drone x2  
  46  5:14  Drone  
  50  5:19  Spore Crawler, Drone  
  51  5:21  Drone  
  51  5:23  Drone  
  51  5:27  Lair  
  50  5:29  Overlord  
  50  5:30  Drone  
  50  5:32  Drone  
  52  5:36  Overlord  
  52  5:42  Zerg Missile Weapons Level 1  
  52  5:46  Zerg Ground Armor Level 1  
  52  5:55  Drone x3  
  55  6:00  Extractor  
  55  6:02  Extractor  
  55  6:03  Drone x3  
  56  6:13  Hatchery  
  56  6:17  Roach, Drone x2  
  59  6:24  Overseer  
  59  6:31  Hydralisk Den  
  58  6:39  Pneumatized Carapace  
  58  7:09  Grooved Spines  
  58  7:14  Hydralisk x3  
  64  7:24  Roach x3  
  64  7:26  Zergling x2, Overlord x4  
  64  7:28  Queen  
  73  7:31  Drone  
  74  7:40  Overlord x2  
  74  7:43  Queen  
  74  7:44  Hydralisk  
  76  7:50  Zerg Missile Weapons Level 2  
  78  8:03  Zerg Ground Armor Level 2  
  78  8:04  Queen  
  80  8:07  Hydralisk  
  82  8:19  Queen  
  84  8:20  Muscular Augments  
  84  8:28  Roach, Hydralisk x3  
  84  8:29  Hydralisk  
  94  8:42  Hydralisk x2  
  94  8:43  Hatchery  
  94  8:47  Hydralisk x2  
  101  8:52  Drone x2  
  103  9:08  Hydralisk  
  103  9:09  Hydralisk x3  
  111  9:13  Hydralisk  
  111  9:15  Drone x2  
  115  9:19  Drone  
  115  9:22  Overlord  
  116  9:28  Hydralisk  
  116  9:31  Glial Reconstitution  
  118  9:32  Hydralisk  
  118  9:36  Hydralisk  
  121  9:49  Hydralisk  
  119  10:00  Hydralisk x4  
  127  10:14  Overlord x5  
  127  10:23  Overlord x2  
  127  10:24  Overlord  
  127  10:28  Extractor  
  126  10:33  Hydralisk x2  
  130  10:41  Lurker Den, Overseer x3  
  129  11:01  Hydralisk  
  129  11:02  Hydralisk x5  
  141  11:12  Hydralisk x2  
  141  11:16  Hydralisk  
  147  11:28  Infestation Pit  
  147  11:30  Hydralisk x2  
  147  11:32  Drone x3  
  151  11:50  Hydralisk x2  
  151  11:51  Hydralisk x2  
  147  11:59  Hydralisk x2  
  147  12:01  Hydralisk  
Show
View Real Time Build Order
Export as new Build Order

kers Protoss - Winner!

Build Orders: Archon Immortal 

Get SALT Encoding   

  12  0:00  Probe  
  13  0:13  Probe  
  14  0:22  Pylon  
  14  0:25  Probe  
  15  0:40  Probe (Chrono Boost), Gateway  
  16  0:50  Assimilator  
  16  0:52  Probe (Chrono Boost)  
  17  0:57  Probe (Chrono Boost)  
  18  1:06  Probe  
  19  1:18  Probe  
  20  1:30  Probe  
  20  1:32  Cybernetics Core  
  21  1:45  Nexus  
  21  1:48  Probe  
  22  2:00  Pylon  
  22  2:02  Probe  
  23  2:14  Adept  
  23  2:18  Probe  
  23  2:19  Warp Gate (Chrono Boost)  
  23  2:22  Assimilator  
  26  2:30  Probe  
  27  2:42  Probe  
  28  2:49  Robotics Facility  
  28  2:54  Probe  
  28  2:55  Stalker  
  28  2:57  Probe  
  32  3:06  Probe  
  32  3:09  Probe  
  34  3:17  Gateway  
  34  3:18  Probe  
  35  3:21  Gateway  
  35  3:22  Probe  
  35  3:25  Pylon  
  36  3:30  Probe  
  36  3:34  Probe  
  38  3:36  Observer  
  39  3:43  Probe  
  39  3:46  Probe  
  41  3:55  Probe  
  42  3:58  Probe, Sentry  
  45  4:07  Probe  
  45  4:08  Assimilator  
  46  4:10  Probe  
  46  4:11  Assimilator  
  46  4:14  Immortal (Chrono Boost)  
  46  4:15  Stalker  
  54  4:24  Probe, Pylon  
  54  4:28  Pylon  
  54  4:35  Pylon, Forge  
  54  4:40  Twilight Council  
  54  4:42  Probe x2  
  54  4:45  Stalker x2  
  64  4:53  Immortal  
  64  4:54  Probe x2  
  66  5:06  Probe x2  
  68  5:15  Shield Battery  
  68  5:18  Probe x2  
  68  5:19  Charge (Chrono Boost)  
  70  5:30  Probe x2  
  70  5:32  Protoss Ground Weapons Level 1 (Chrono Boost), Stalker x3  
  78  5:40  Pylon  
  78  5:41  Pylon  
  78  5:42  Pylon x2  
  78  5:58  Probe x2  
  80  6:09  Templar Archives  
  80  6:10  Probe x2  
  82  6:12  Immortal  
  82  6:14  Zealot x2  
  82  6:15  Zealot  
  92  6:22  Probe x2  
  92  6:23  Nexus  
  94  6:27  Pylon  
  94  6:34  Probe x2  
  94  6:36  Sentry x2  
  100  6:46  Probe  
  100  6:47  Probe  
  102  6:49  Photon Cannon  
  102  6:52  Photon Cannon  
  102  6:54  Pylon  
  102  6:56  Pylon  
  102  6:59  Probe x2  
  104  7:02  High Templar  
  104  7:05  Immortal (Chrono Boost)  
  110  7:13  Probe x2  
  112  7:16  Protoss Ground Armor Level 1 (Chrono Boost)  
  112  7:22  Assimilator  
  112  7:25  Probe x2  
  112  7:26  Assimilator  
  114  7:36  Probe, Warp Prism (Chrono Boost)  
  115  7:37  Probe x2  
  115  7:41  High Templar x2  
  123  7:48  Probe  
  124  7:53  High Templar  
  126  8:02  Gateway  
  126  8:04  Gateway  
  126  8:06  Gateway x2  
  126  8:09  Gateway  
  126  8:11  Probe x3  
  126  8:12  Gateway  
  129  8:15  Immortal  
  133  8:25  Zealot  
  135  8:37  Pylon  
  135  8:39  Pylon  
  135  8:41  High Templar  
  135  8:42  Pylon, High Templar  
  135  8:44  Archon x2  
  139  9:00  Zealot  
  139  9:01  Zealot x3  
  145  9:08  High Templar x3  
  143  9:13  Immortal (Chrono Boost), Zealot x3  
  153  9:29  Archon x2  
  151  9:35  High Templar  
  153  9:39  Zealot x4  
  153  9:40  Zealot  
  153  9:45  Immortal  
  167  9:47  Archon  
  167  9:55  Protoss Ground Weapons Level 2 (Chrono Boost)  
  167  10:01  Pylon  
  167  10:02  Pylon x2  
  167  10:03  Pylon  
  167  10:05  Pylon  
  167  10:06  Pylon  
  167  10:16  Psionic Storm  
  167  10:20  Zealot x3  
  173  10:24  Immortal (Chrono Boost)  
  173  10:27  Photon Cannon  
  177  10:36  High Templar  
  177  10:37  High Templar x5  
  189  10:43  Archon x3  
  189  10:46  Phoenix  
  189  10:54  Observer (Chrono Boost)  
  189  10:56  Robotics Facility  
  190  10:57  Robotics Facility  
  190  11:21  High Templar  
  190  11:22  High Templar x3  
  198  11:25  Archon  
  198  11:26  Archon  
  198  11:40  Nexus  
  198  11:44  Pylon  
  198  11:46  Pylon  
  198  11:48  Assimilator  
  198  11:52  Warp Prism (Chrono Boost)  
  198  11:53  Assimilator  
Tags
 
Add a new tag
Caveats
  • Supply blocks, unpowered buildings, or Contaminate may cause inaccurate times.
  • Supply counts are checked every 10 seconds.